Map: Moonlight Madness LE (Void)

Players

BIGBOY (Patience) - Winner!

  • Race: Protoss Protoss
  • League: Master

Pure

  • Race: Protoss Protoss
  • League: Diamond

Event: ASL Season 5 Prime League LOTV Beta

VOD

Have the link to the VOD?

Description

Time

  • Played on: Sept. 16, 2015, 10:25 p.m.
  • Length: 10:16

All games in this series

Show
View Real Time Build Order
Export as new Build Order

BIGBOY Protoss - Winner!

Build Orders:  

Get SALT Encoding   

  12  0:00  Probe (Chrono Boost)  
  13  0:13  Pylon  
  13  0:17  Probe (Chrono Boost)  
  14  0:27  Probe (Chrono Boost)  
  15  0:35  Gateway  
  15  0:37  Probe (Chrono Boost)  
  16  0:47  Probe (Chrono Boost)  
  17  0:58  Probe (Chrono Boost)  
  17  0:59  Assimilator  
  18  1:08  Probe (Chrono Boost)  
  18  1:09  Assimilator  
  19  1:18  Probe (Chrono Boost)  
  20  1:23  Pylon  
  20  1:28  Probe (Chrono Boost)  
  21  1:32  Cybernetics Core  
  21  1:38  Probe (Chrono Boost)  
  22  1:48  Probe (Chrono Boost)  
  23  1:57  Nexus  
  23  1:58  Probe (Chrono Boost)  
  24  2:09  Mothership Core (Chrono Boost)  
  24  2:12  Adept  
  28  2:17  Warp Gate  
  28  2:25  Pylon  
  28  2:26  Probe (Chrono Boost)  
  29  2:36  Forge  
  29  2:37  Probe (Chrono Boost)  
  29  2:43  Sentry  
  32  2:49  Pylon  
  32  2:50  Probe (Chrono Boost)  
  33  2:59  Pylon  
  33  3:00  Probe (Chrono Boost)  
  34  3:09  Probe (Chrono Boost)  
  34  3:10  Probe (Chrono Boost)  
  36  3:19  Protoss Ground Weapons Level 1 (Chrono Boost)  
  36  3:20  Probe x2 (Chrono Boost)  
  36  3:28  Photon Cannon  
  36  3:30  Probe (Chrono Boost)  
  37  3:34  Photon Cannon  
  37  3:36  Probe (Chrono Boost)  
  37  3:40  Probe (Chrono Boost)  
  39  3:47  Robotics Facility  
  39  3:48  Probe (Chrono Boost)  
  40  3:50  Probe (Chrono Boost)  
  41  3:58  Probe (Chrono Boost)  
  41  4:00  Probe (Chrono Boost)  
  43  4:07  Twilight Council  
  43  4:08  Probe (Chrono Boost)  
  44  4:10  Probe (Chrono Boost)  
  44  4:12  Assimilator x2  
  45  4:18  Probe (Chrono Boost)  
  45  4:19  Probe (Chrono Boost)  
  45  4:23  Gateway x2  
  47  4:34  Probe  
  47  4:35  Stalker  
  47  4:36  Probe  
  51  4:39  Pylon  
  51  4:44  Blink (Chrono Boost)  
  51  4:48  Protoss Ground Weapons Level 2 (Chrono Boost)  
  51  4:52  Warp Prism  
  54  4:55  Gateway  
  54  4:56  Gateway  
  53  5:03  Stalker  
  53  5:04  Probe  
  53  5:05  Probe  
  57  5:22  Pylon  
  57  5:23  Stalker x2  
  62  5:28  Stalker, Observer  
  62  5:32  Probe x2  
  66  5:37  Robotics Bay  
  66  5:52  Stalker x3  
  66  5:53  Observer  
  66  5:55  Stalker x2  
  77  6:16  Nexus  
  77  6:17  Probe x2  
  79  6:19  Robotics Facility  
  79  6:37  Probe x2  
  81  6:46  Disruptor (Chrono Boost)  
  81  6:48  Gravitic Drive  
  81  6:51  Sentry  
  86  6:55  Pylon  
  86  6:57  Pylon  
  86  6:59  Pylon  
  86  7:00  Pylon  
  86  7:01  Pylon  
  86  7:02  Gateway  
  86  7:04  Gateway  
  86  7:07  Gateway  
  86  7:13  Probe  
  87  7:16  Sentry x2  
  87  7:17  Sentry  
  87  7:18  Probe  
  94  7:25  Probe  
  95  7:30  Probe  
  95  7:33  Stalker x2  
  98  7:54  Disruptor (Chrono Boost)  
  98  7:55  Disruptor (Chrono Boost)  
  102  8:02  Probe  
  102  8:03  Probe x2  
  105  8:06  Pylon  
  105  8:08  Pylon  
  105  8:10  Assimilator  
  105  8:12  Probe  
  105  8:14  Pylon, Assimilator  
  105  8:15  Probe, Adept, Pylon  
  105  8:16  Adept x3  
  115  8:23  Probe  
  115  8:25  Probe  
  117  8:27  Probe  
  117  8:28  Pylon  
  117  8:29  Disruptor (Chrono Boost)  
  121  8:35  Disruptor (Chrono Boost)  
  121  8:37  Probe  
  125  8:45  Adept x4  
  125  8:46  Adept  
  125  8:47  Adept  
  137  8:48  Adept  
  137  8:50  Adept  
  141  8:56  Probe x2, Photon Cannon  
  141  8:57  Probe, Photon Cannon  
  141  8:59  Warp Prism  
  146  9:24  Immortal  
  146  9:29  Immortal  
  146  9:30  Pylon  
  150  9:32  Pylon  
  150  9:38  Stargate  
  154  9:39  Nexus  
  154  9:43  Pylon x2  
  154  9:52  Stalker  
  154  9:53  Stalker x4  
  153  10:02  Adept x3  
Show
View Real Time Build Order
Export as new Build Order

Pure Protoss 

Build Orders: Oracle Opening 

Get SALT Encoding   

  12  0:00  Probe (Chrono Boost)  
  14  0:17  Pylon  
  14  0:18  Probe (Chrono Boost)  
  14  0:28  Probe (Chrono Boost)  
  15  0:38  Probe (Chrono Boost), Gateway  
  16  0:47  Assimilator  
  16  0:48  Probe (Chrono Boost)  
  17  0:53  Assimilator  
  17  0:58  Probe (Chrono Boost)  
  18  1:05  Pylon  
  18  1:08  Probe (Chrono Boost)  
  19  1:18  Probe (Chrono Boost)  
  19  1:25  Cybernetics Core  
  20  1:36  Probe (Chrono Boost)  
  20  1:38  Zealot  
  23  1:47  Probe (Chrono Boost)  
  24  2:07  Warp Gate  
  24  2:08  Mothership Core (Chrono Boost)  
  26  2:09  Adept  
  26  2:11  Pylon  
  28  2:39  Nexus  
  28  2:46  Pylon  
  28  2:52  Nexus  
  28  3:00  Stargate  
  28  3:16  Probe (Chrono Boost)  
  29  3:26  Probe (Chrono Boost)  
  30  3:33  Pylon  
  30  3:36  Probe (Chrono Boost)  
  30  3:37  Sentry  
  33  3:44  Oracle (Chrono Boost)  
  33  3:46  Probe (Chrono Boost), Gateway  
  37  3:58  Probe  
  38  4:04  Probe  
  39  4:10  Probe (Chrono Boost)  
  39  4:14  Probe (Chrono Boost)  
  39  4:15  Robotics Facility  
  41  4:22  Probe (Chrono Boost)  
  42  4:24  Adept  
  42  4:26  Probe (Chrono Boost)  
  45  4:32  Probe (Chrono Boost)  
  45  4:36  Probe (Chrono Boost)  
  47  4:42  Probe (Chrono Boost)  
  48  4:53  Probe x2 (Chrono Boost)  
  48  4:56  Gateway  
  48  4:58  Gateway  
  50  5:01  Immortal (Chrono Boost)  
  50  5:03  Probe (Chrono Boost)  
  50  5:04  Probe  
  50  5:07  Sentry x2  
  60  5:18  Probe  
  60  5:20  Probe  
  62  5:22  Assimilator  
  62  5:24  Pylon  
  62  5:27  Assimilator  
  62  5:29  Pylon  
  62  5:38  Probe  
  62  5:40  Probe  
  61  5:43  Immortal (Chrono Boost)  
  61  5:47  Phoenix  
  67  5:53  Probe  
  67  5:54  Probe  
  69  5:57  Stalker x3  
  69  5:59  Sentry  
  77  6:24  Pylon x2  
  77  6:26  Pylon  
  77  6:41  Immortal (Chrono Boost)  
  81  6:53  Twilight Council  
  81  6:54  Stalker x4  
  85  6:55  Probe  
  85  6:57  Probe  
  85  6:58  Twilight Council  
  89  7:15  Observer (Chrono Boost)  
  90  7:17  Nexus  
  90  7:19  Pylon  
  90  7:29  Probe  
  90  7:31  Probe  
  90  7:35  Stalker x2  
  90  7:36  Stalker x2  
  94  7:58  Blink (Chrono Boost)  
  94  8:11  Pylon  
  94  8:14  Templar Archives  
  94  8:16  Pylon  
  94  8:17  Gateway  
  94  8:19  Gateway, Pylon  
  94  8:20  Gateway  
  94  8:22  Pylon  
  94  8:28  Oracle  
  94  8:32  Stalker x4  
  105  8:39  Warp Prism  
  107  8:42  Probe x2  
  107  8:43  Probe  
  110  8:52  Probe x2  
  112  8:56  Probe  
  113  9:06  Probe  
  113  9:07  Probe  
  113  9:08  Probe, Robotics Bay  
  113  9:09  Assimilator  
  116  9:10  Assimilator  
  116  9:25  Probe  
  116  9:26  Probe  
  117  9:34  Probe  
  117  9:35  Probe  
  119  9:46  High Templar x2  
  119  9:48  Stalker x5  
Tags
 
Add a new tag
Caveats
  • Supply blocks, unpowered buildings, or Contaminate may cause inaccurate times.
  • Supply counts are checked every 10 seconds.